 Dungeon Crawl Stone Soup version 0.21.1-1-g345015fe64 (webtiles) character file.

161 Gargoyl the Skirmisher (level 5, -3/45 HPs)
             Began as a Centaur Abyssal Knight on May 23, 2018.
             Was a Believer of Lugonu.
             Slain by a gnoll
             ... wielding a +0 flail
              (11 damage)
             ... on level 3 of the Dungeon.
             The game lasted 00:04:14 (3743 turns).

Gargoyl the Skirmisher (Centaur Abyssal Knight)     Turns: 3743, Time: 00:04:15

Health: -3/45      AC:  9    Str: 15    XL:     5   Next: 19%
Magic:  7/7        EV:  2    Int: 11    God:    Lugonu [**....]
Gold:   133        SH:  0    Dex:  9    Spells: 4/4 levels left

rFire    . . .     SeeInvis .   d - +0 war axe
rCold    . . .     Gourm    .   (no shield)
rNeg     . . .     Faith    .   f - +0 plate armour
rPois    .         Spirit   .   (no helmet)
rElec    .         Reflect  .   (no cloak)
rCorr    .         Harm     .   (no gloves)
MR       .....                  (no barding)
Stlth    ..........             (no amulet)
HPRegen  0.15/turn              (no ring)
MPRegen  0.10/turn              (no ring)

@: hasted, very quick
A: large, hooves 3, deformed body, speed 2, tough skin 3
a: Depart the Abyss, Bend Space, Renounce Religion


You were on level 3 of the Dungeon.
You worshipped Lugonu.
Lugonu was pleased with you.
You were not hungry.

You visited 1 branch of the dungeon, and saw 3 of its levels.
You visited the Abyss 1 time.

You collected 133 gold pieces.

Inventory:

Hand Weapons
 a - a +1 hand axe
 d - a +0 war axe (weapon)
Armour
 f - a +0 plate armour (worn)
Wands
 n - a wand of iceblast (3)
 o - a wand of acid (11)
Scrolls
 e - a scroll of blinking
 i - 3 scrolls of remove curse
 m - 2 scrolls of identify
Potions
 b - 2 potions of resistance {unknown}
 h - 2 potions of curing
 j - a potion of brilliance {unknown}
 l - a potion of degeneration {unknown}
 p - a potion of heal wounds {unknown}
 q - a potion of berserk rage {unknown}
Books
 k - a book of Cantrips

   Spells                             Type                      Level
   a - Confusing Touch                Hexes                        1
   b - Animate Skeleton               Necromancy                   1
   c - Summon Small Mammal            Summoning                    1
   d - Apportation                    Translocation                1
Comestibles
 c - 8 rations


   Skills:
 + Level 3.3 Fighting
 + Level 2.8 Axes
 * Level 2.2 Armour
 + Level 1.3 Dodging
 * Level 1.5 Unarmed Combat
 * Level 3.0 Invocations


You had 4 spell levels left.
You didn't know any spells.

Dungeon Overview and Level Annotations

Branches:
Dungeon (3/15)

Altars:


Innate Abilities, Weirdness & Mutations

You have hooves in place of feet.
Armour fits poorly on your strangely shaped body.
You cover ground very quickly.
You have extremely tough skin. (AC +3)


Message History

The gnoll hits you but does no damage.
The jackal bites you but does no damage.
The worker ant bites you.
* * * LOW HITPOINT WARNING * * *
It was a potion of curing.
You feel better.
The jackal bites you but does no damage.
The gnoll hits you with a flail.
* * * LOW HITPOINT WARNING * * *
The worker ant bites you.
* * * LOW HITPOINT WARNING * * *
You feel better.
The jackal bites you but does no damage.
The gnoll hits you with a flail.
* * * LOW HITPOINT WARNING * * *
The worker ant bites you but does no damage.
The jackal bites you but does no damage.
It was a potion of haste.
You feel yourself speed up. The worker ant bites you.
* * * LOW HITPOINT WARNING * * *
The jackal barely misses you. The gnoll hits you with a flail!
You die...

#. #+###≈≈P...#.
############...#≈≈....#.
...........#gg.#≈≈....#.
≈≈≈≈≈≈≈≈≈≈≈#####≈≈....#.
≈≈≈≈≈≈≈≈≈≈≈≈≈≈≈≈≈≈....#.
≈≈≈≈≈≈≈≈≈≈≈≈≈≈≈≈≈≈....#.
......g.........P.....#.
......h@................
#######a###.............
#.# #.#.########## #.#
#.#.# #(. #.#.# #####
##. #.#.# #.... . #.#.#
#.... #.#.#.# #.... ..
.# #(...


You could see a worker ant, a gnoll and a jackal.

Vanquished Creatures
  A crimson imp (D:2)
  An orc wizard (D:3)
  3 adders (D:2)
  A worm (D:2)
  A dart slug (D:1)
  2 leopard geckos
  5 orcs
  5 giant cockroaches
  6 goblins
  4 hobgoblins
  A jackal (D:3)
  A quokka (D:2)
  2 ball pythons
  7 bats
  5 frilled lizards
  13 kobolds
  5 rats
63 creatures vanquished.

Notes
Turn   | Place    | Note
-------+----------+-------------------------------------------
     0 | Abyss:1  | Gargoyl the Centaur Abyssal Knight began the quest for the Orb.
     0 | Abyss:1  | Reached XP level 1. HP: 19/19 MP: 2/2
    31 | Abyss:2  | Noticed a small abomination
    65 | Abyss:2  | Noticed a neqoxec
    67 | D:1      | Escaped the Abyss
   361 | D:1      | Reached skill level 1 in Dodging
   368 | D:1      | Reached XP level 2. HP: 15/26 MP: 3/3
   511 | D:1      | Reached * piety under Lugonu
  1040 | D:1      | Reached skill level 1 in Unarmed Combat
  1215 | D:1      | Reached XP level 3. HP: 31/31 MP: 4/4
  1947 | D:2      | Reached XP level 4. HP: 23/38 MP: 4/6
  2143 | D:2      | Reached ** piety under Lugonu
  2641 | D:2      | Found a faded altar of an unknown god.
  3383 | D:3      | Reached XP level 5. HP: 11/45 MP: 7/7
  3743 | D:3      | Slain by a gnoll

Skill      XL: |  1  2  3  4 |
---------------+-------------+-----
Dodging        | 1 |  1.3
Unarmed Combat | 1 |  1.5
Axes           | 2 |  2.8
Armour         | 2 |  2.2
Invocations    | 3 |  3.0
Fighting       | |  3.3

Action                   |  1- 3 |  4- 6 || total
-------------------------+-------+-------++-------
Melee: War axe           |   127 |    87 ||   214
       Kick              |    16 |    15 ||    31
Invok: Depart the Abyss  |     1 |       ||     1
  Use: Scroll            |     3 |     3 ||     6
       Potion            |       |     4 ||     4
  Eat: Chunk             |     2 |     2 ||     4
       Ration            |       |     1 ||     1
Armor: Leather armour    |    50 |       ||    50
       Ring mail         |    24 |    11 ||    35
       Plate armour      |       |    84 ||    84
       Skin              |       |     5 ||     5
Dodge: Dodged            |   120 |    35 ||   155
